Map: 16-Bit LE

Players

Nerchio

  • Race: Zerg Zerg
  • Spawn Location: 7:00

Has - Winner!

  • Race: Protoss Protoss
  • Spawn Location: 1:00

Event: WCS Valencia 2018

VOD

Have the link to the VOD?

Description

Time

  • Played on: July 14, 2018, 8:55 a.m.
  • Length: 10:49

All games in this series

Show
View Real Time Build Order
Export as new Build Order

Nerchio Zerg 

Build Orders: Hatch First 

Get SALT Encoding   

  12  0:00  Drone  
  13  0:12  Overlord  
  13  0:18  Drone  
  14  0:31  Drone x2  
  14  0:34  Drone  
  17  0:55  Hatchery  
  16  0:57  Drone  
  16  1:00  Drone  
  18  1:10  Extractor  
  17  1:16  Spawning Pool  
  16  1:20  Drone  
  16  1:23  Drone  
  18  1:28  Drone  
  19  1:38  Overlord  
  19  1:50  Drone  
  20  2:03  Queen  
  20  2:04  Zergling x2  
  20  2:06  Queen  
  20  2:07  Zergling x2  
  26  2:13  Metabolic Boost  
  26  2:16  Drone  
  26  2:21  Drone  
  28  2:23  Drone  
  28  2:28  Drone  
  30  2:33  Drone  
  31  2:46  Hatchery  
  31  2:47  Drone  
  32  2:51  Drone  
  32  2:57  Queen  
  34  3:02  Overlord  
  34  3:05  Drone  
  35  3:07  Drone  
  36  3:17  Overlord  
  36  3:22  Drone x5  
  36  3:25  Drone  
  42  3:33  Roach Warren  
  41  3:35  Overlord  
  41  3:39  Drone x2  
  41  3:41  Drone  
  44  3:46  Extractor  
  44  3:48  Drone  
  44  3:51  Lair  
  44  3:54  Drone x2  
  46  3:56  Drone  
  46  3:57  Drone  
  46  3:59  Drone  
  46  4:02  Extractor, Drone  
  49  4:15  Overlord  
  49  4:19  Spore Crawler  
  49  4:20  Drone  
  49  4:22  Roach x3  
  49  4:23  Roach  
  57  4:29  Overlord  
  57  4:38  Roach  
  57  4:39  Roach x3  
  57  4:40  Overlord  
  65  4:51  Glial Reconstitution  
  65  4:53  Roach x2  
  65  4:57  Overseer  
  69  5:00  Roach  
  69  5:02  Drone  
  69  5:03  Drone x5  
  77  5:11  Overlord x2  
  77  5:13  Drone  
  77  5:14  Drone  
  79  5:15  Extractor, Drone  
  79  5:19  Overlord  
  79  5:28  Queen  
  79  5:29  Overlord  
  79  5:35  Roach x3  
  87  5:37  Queen  
  87  5:42  Roach x2  
  92  5:45  Roach  
  92  5:48  Roach  
  95  5:54  Roach x2  
  99  6:10  Tunneling Claws, Burrow  
  100  6:11  Roach x4  
  100  6:14  Roach  
  100  6:17  Overlord  
  108  6:19  Overlord  
  108  6:23  Roach  
  108  6:25  Roach  
  112  6:32  Evolution Chamber, Ravager x3  
  114  6:34  Evolution Chamber  
  114  6:36  Roach x2  
  114  6:38  Roach  
  119  6:41  Roach  
  119  6:43  Roach  
  119  6:46  Roach  
  125  6:49  Roach  
  125  6:52  Roach  
  129  7:01  Roach x2  
  127  7:03  Roach x2  
  127  7:06  Roach  
  119  7:13  Roach  
  119  7:14  Ravager  
  118  7:20  Drone x3  
  121  7:26  Roach x3, Drone x2  
  121  7:27  Drone  
  121  7:28  Roach x3  
  121  7:29  Drone  
  123  7:31  Drone  
  123  7:36  Drone x2  
  118  7:40  Drone  
  118  7:41  Hydralisk Den  
  118  7:43  Drone  
  119  7:47  Drone  
  118  7:52  Drone x2  
  118  7:54  Roach x3  
  118  7:55  Drone  
  121  8:03  Roach x2  
  115  8:09  Drone x2  
  115  8:11  Drone  
  114  8:15  Drone x2  
  114  8:17  Drone  
  114  8:19  Extractor  
  116  8:20  Queen, Drone x2  
  116  8:21  Overlord  
  116  8:22  Grooved Spines  
  116  8:25  Hydralisk  
  116  8:26  Hydralisk x2  
  124  8:28  Roach  
  124  8:32  Hydralisk x2  
  126  8:34  Hydralisk  
  126  8:38  Overlord  
  126  8:39  Overlord  
  128  8:45  Drone x3  
  128  8:48  Extractor  
  130  8:49  Overlord  
  130  8:59  Hydralisk x2  
  134  9:03  Hatchery  
  134  9:05  Hydralisk x2  
  134  9:07  Hydralisk  
  139  9:12  Drone x3  
  139  9:13  Hydralisk  
  139  9:16  Hydralisk  
  146  9:19  Ravager x3  
  146  9:22  Ravager  
  148  9:24  Roach x2  
  148  9:26  Roach  
  148  9:28  Roach  
  148  9:29  Roach  
  148  9:30  Roach  
  158  9:32  Overlord  
  158  9:33  Muscular Augments  
  158  9:36  Overlord x2  
  158  9:43  Overlord  
  158  9:45  Overlord  
  158  9:52  Roach x4  
  166  9:53  Lurker Den  
  162  10:10  Hydralisk x9  
  162  10:14  Hydralisk  
  178  10:15  Hydralisk  
  178  10:23  Hydralisk, Roach  
  178  10:24  Hydralisk x2  
Show
View Real Time Build Order
Export as new Build Order

Has Protoss - Winner!

Build Orders: 1 Gate Expand, Chargelot Immortal 

Get SALT Encoding   

  12  0:00  Probe  
  13  0:13  Probe  
  14  0:18  Pylon  
  14  0:24  Probe  
  15  0:32  Probe  
  15  0:38  Gateway  
  15  0:40  Probe  
  17  0:51  Probe  
  17  0:53  Assimilator  
  18  0:59  Probe  
  19  1:07  Probe  
  20  1:25  Nexus  
  20  1:33  Cybernetics Core  
  20  1:37  Probe  
  21  1:42  Assimilator  
  21  1:48  Pylon  
  21  1:52  Probe  
  22  2:00  Probe  
  23  2:08  Probe  
  23  2:10  Stalker  
  23  2:11  Warp Gate  
  26  2:18  Probe  
  27  2:23  Twilight Council  
  27  2:31  Probe  
  27  2:33  Probe  
  28  2:41  Probe  
  28  2:43  Probe  
  30  2:50  Robotics Facility  
  31  2:54  Probe  
  31  2:55  Probe  
  31  2:58  Sentry  
  35  3:02  Probe  
  35  3:07  Probe  
  35  3:10  Probe  
  37  3:17  Charge  
  37  3:19  Probe  
  39  3:24  Gateway x2  
  39  3:28  Probe  
  39  3:31  Observer, Probe  
  41  3:35  Gateway  
  43  3:43  Pylon  
  43  3:44  Warp Prism  
  43  3:48  Forge  
  43  3:55  Probe  
  45  3:56  Probe  
  46  4:03  Pylon  
  46  4:08  Probe x2  
  48  4:11  Pylon  
  48  4:20  Zealot  
  48  4:21  Zealot x2  
  54  4:24  Immortal, Protoss Ground Weapons Level 1  
  54  4:27  Probe  
  59  4:35  Probe  
  60  4:43  Probe  
  61  4:51  Nexus  
  61  4:55  Immortal  
  61  5:03  Probe  
  61  5:04  Probe  
  67  5:12  Pylon  
  67  5:15  Gateway  
  67  5:17  Gateway  
  67  5:19  Gateway  
  67  5:21  Gateway  
  67  5:23  Immortal  
  67  5:25  Gateway  
  68  5:30  Sentry  
  68  5:34  Pylon  
  68  5:38  Probe x2  
  74  5:50  Sentry  
  74  5:51  Sentry  
  74  5:54  Probe, Pylon  
  74  5:55  Probe  
  80  5:57  Shield Battery, Pylon  
  80  6:03  Zealot x2  
  84  6:06  Probe  
  84  6:07  Probe  
  84  6:09  Probe  
  87  6:14  Sentry  
  87  6:15  Zealot x2  
  87  6:17  Zealot  
  95  6:23  Pylon  
  95  6:27  Zealot  
  95  6:28  Zealot x3  
  103  6:33  Zealot  
  103  6:36  Pylon  
  103  6:37  Sentry, Zealot  
  109  6:50  Zealot x3  
  109  6:53  Zealot  
  109  6:54  Zealot x3  
  91  7:08  Zealot x2  
  91  7:09  Immortal  
  91  7:11  Zealot x2  
  87  7:17  Probe x2  
  87  7:18  Probe  
  87  7:20  Zealot  
  87  7:21  Zealot x3  
  102  7:24  Protoss Ground Weapons Level 2  
  102  7:25  Pylon  
  102  7:29  Probe  
  97  7:31  Zealot  
  97  7:35  Probe x2  
  97  7:41  Photon Cannon, Zealot  
  97  7:42  Zealot x2  
  103  7:45  Probe  
  103  7:48  Observer  
  103  7:50  Probe  
  104  7:51  Zealot x3  
  101  8:05  Zealot x3  
  101  8:08  Probe x2  
  101  8:11  Probe  
  99  8:13  Sentry, Pylon  
  99  8:14  Observer  
  99  8:16  Zealot x2  
  101  8:20  Probe  
  101  8:25  Zealot  
  101  8:26  Zealot x2  
  107  8:30  Photon Cannon  
  107  8:32  Probe x2  
  105  8:35  Probe  
  106  8:43  Photon Cannon, Zealot x3  
  106  8:48  Zealot  
  114  8:53  Zealot x2  
  118  8:57  Pylon  
  118  9:04  Pylon  
  118  9:08  Sentry  
  118  9:09  Sentry, Zealot x2  
  126  9:26  Zealot x3  
  132  9:32  Zealot x4  
  132  9:35  Pylon  
  140  9:51  Stalker  
  140  9:52  Stalker x4  
  150  9:53  Zealot  
  150  9:54  Zealot x2  
  149  10:15  Zealot  
  149  10:16  Zealot x7  
  161  10:27  Zealot  
  105  10:36  Zealot x6  
Tags
 
Add a new tag
Caveats
  • Supply blocks, unpowered buildings, or Contaminate may cause inaccurate times.
  • Supply counts are checked every 10 seconds.